[Event "FIDE U16 Olympiad_boards_1-80"]
[Site "Eindhoven, Netherlands"]
[Date "2023.08.13"]
[Round "1.1"]
[White "Fu, Yihe"]
[Black "Ansat, Aldiyar"]
[Result "1/2-1/2"]
[TimeControl "2700+10"]
[WhiteElo "2097"]
[BlackElo "2370"]

1. e4 c5 2. Nf3 Nc6 3. d4 cxd4 4.
Nxd4 Nf6 5. Nc3 e5 6. Ndb5 d6 7. Nd5 Nxd5 8. exd5 Nb8 9. a4 Be7 10. Be2 O-O 11. O-O a6 12. Na3 Nd7 13.
Bd2 f5 14. Nc4 Rf6 15. f4 e4 16. a5 Rh6 17. Bb4 Nf8 18. Ra3 Bd7 19. Nb6 Rb8 20. Rg3 Be8 21. c4 Nd7 22. Nxd7 Bxd7 23.
Bc3 Bf6 24. Qd2 b5 25. b4 bxc4 26. Bxc4 Qc8 27. Bxf6 Rxf6 28. Rc1 Qb7 29. Qd4 Rg6 30. Rb3 Bb5 31. Bxb5 Qxb5 32. Rb2 h5 33. h3 Rg3 34. Rc7 Re8 35. Qd1 e3 36. Qxh5 e2 37. Qf7+ Kh8 38. Qh5+ Kg8 39.
Qf7+ Kh8 40. Qh5+ Kg8 1/2-1/2

[Event "FIDE U16 Olympiad_boards_1-80"]
[Site "Eindhoven, Netherlands"]
[Date "2023.08.13"]
[Round "1.2"]
[White "Sapenov, Daniyal"]
[Black "Teh, Rui Gen"]
[Result "1/2-1/2"]
[TimeControl "2700+10"]
[WhiteElo "2268"]
[BlackElo "1724"]

1. e4 c5 2. Nf3 g6 3. d4 cxd4 4. Nxd4 Nf6 5. Nc3 d6 6. Be2 Bg7 7. O-O Nc6 8. Nb3 O-O 9. Re1 Be6 10.
Bf1 Rc8 11. h3 Na5 12. Nd5 Nc4 13. Nxf6+ Bxf6 14. c3 Qb6 15. Rb1 Na5 16. Be3 Qc7 17. Nxa5 Qxa5 18. a3 d5 19. exd5 Bxd5 20.
Bd4 Bxd4 21. Qxd4 e6 22. Re5 Qc7 23. Rbe1 a6 24. h4 Rfd8 25. Qf4 Bc4 26. h5 Bxf1 27. Rxf1 Rd5 28. Rfe1 Rcd8 29.
Rxd5 Qxf4 30. Rxd8+ Kg7 31. hxg6 hxg6 32. Rd4 Qf5 33. g3 a5 34. Red1 g5 35. R1d2 Kg6 36. Kg2 b5 37. Re2 Qc5 38. Kg1 Qf5 39.
Rde4 Qd5 40. Rd4 Qf5 41. Red2 Kg7 42. Kg2 Kg6 43.
Rd7 Qc5 44. Kg1 Qe5 45. Kh2 Qh8+ 46. Kg2 Qe5 47. R7d4 Qc5 48. R2d3 Qc6+ 49. Kg1 Qc5 50. b4 axb4 51. axb4 Qf5 52.
Re3 Kg7 53. Kg2 Kg6 54. Rd7 Qg4 55. Rd4 Qf5 56. Rd2 Qg4 57. Kg1 Qf5 58. Rdd3 Qg4 59. Rd4 Qf5 60. Kg2 Qc2 61. Rde4 Qd1 62.
Re5 Qd6 63. Rc5 f6 64. Re1 Kf7 65. Kg1 Qd7 66. Ra1 Kg6 67. Re1 Kf7 68. Re3 Kg6 69. Kh2 Qh7+ 70. Kg2 Qb7+ 71. Kg1 Qd7 72. Re1 Kf7 73. Kf1 Kg6 74. Kg1 Kf7 75. Re3 Kg6 76.
Re1 Kf7 1/2-1/2

[Event "FIDE U16 Olympiad_boards_1-80"]
[Site "Eindhoven, Netherlands"]
[Date "2023.08.13"]
[Round "1.3"]
[White "Hu, Yifei"]
[Black "Mamedov, Edgar"]
[Result "1/2-1/2"]
[TimeControl "2700+10"]
[WhiteElo "1825"]
[BlackElo "2091"]

1. d4 d5 2. c4 e6 3. Nf3 Nf6 4. g3 dxc4 5. Bg2 Bd7 6.
Qc2 Bc6 7. Qxc4 Nbd7 8. Nc3 Be7 9. O-O O-O 10. Bg5 Nd5 11. Bxe7 Qxe7 12. Rfe1 N5b6 13. Qb3 Bxf3 14. Bxf3 c6 15.
a3 Rfe8 16. e3 e5 17. Rad1 Qf6 18. Bg2 exd4 19. Ne4 Qe7 20. Rxd4 Nf8 21. Red1 Ne6 22. R4d3 Nd5 23. Qa2 a5 24.
Nd2 Nc5 25. Rd4 Nc7 26. Nb3 Qe6 27. Bd5 Nxd5 28. Nxc5 Qe7 29. Nd3 a4 30. Nf4 Nf6 31. Qc4 Qe5 32. R4d2 g6 33. Qd4 Qxd4 34.
Rxd4 Kg7 35. Rb4 Re7 36. Rc1 Ra6 37. Rbc4 Ne4 38. Nd3 f5 39. R1c2 Rd7 40. Nc5 Nxc5 41. Rxc5 Rd3 42. R5c4 Kf6 43.
Kf1 Rd1+ 44. Ke2 Rd5 45.
h4 Ke6 46. f4 Kd7 47. e4 fxe4 48. Rxe4 b5 49. Rd2 Rxd2+ 50. Kxd2 Ra8 51. Kc3 c5 52. Re5 Kd6 53. Kd3 Rb8 54. h5 gxh5 55. Rxh5 Rg8 56. Rh6+ Kd5 57.
Rh5+ Kd6 58. Rh6+ Kd5 59. Rh5+ Ke6 60.
Rxc5 Rxg3+ 61. Kc2 Rg2+ 62. Kc3 Rg3+ 63. Kc2 Rg2+ 64. Kc3 Rg3+ 65. Kc2 Rg2+ 66. Kc3 Rg3+ 1/2-1/2

[Event "FIDE U16 Olympiad_boards_1-80"]
[Site "Eindhoven, Netherlands"]
[Date "2023.08.13"]
[Round "1.4"]
[White "Nurmanova, Alua"]
[Black "Cheng, Chao Xin"]
[Result "1-0"]
[TimeControl "2700+10"]
[WhiteElo "2252"]
[BlackElo "1748"]

1. e4 c5 2. Nf3 e6 3. d4 cxd4 4. Nxd4 Nf6 5. Nc3 Nc6 6. Be2 Bb4 7. O-O a6 8. Nxc6 bxc6 9. e5 Nd5 10.
Ne4 Be7 11. c4 Nb6 12. Nd6+ Bxd6 13. Qxd6 a5 14. Be3 Bb7 15. Qd4 Nc8 16. Qg4 Ne7 17. Bc5 O-O 18. Rfd1 Re8 19. Qd4 d5 20.
exd6 Nf5 21. Qg4 Qd7 22. b3 Bc8 23. Qh3 Qb7 24. Bd3 Bd7 25. Re1 Rad8 26. g4 Nh6 27. Be3 f5 28. Bxh6 gxh6 29.
Qxh6 Bc8 30. c5 fxg4 31. Re5 Qf7 32. Bxh7+ Qxh7 33. Rg5+ Kh8 34. Qf6+ Qg7 35. Qxg7# 1-0

[Event "FIDE U16 Olympiad_boards_1-80"]
[Site "Eindhoven, Netherlands"]
[Date "2023.08.13"]
[Round "1.5"]
[White "Xue, Haowen"]
[Black "Kurt, Sascha"]
[Result "1/2-1/2"]
[TimeControl "2700+10"]
[WhiteElo "2214"]
[BlackElo "1800"]

1. Nf3 Nf6 2. b3 g6 3. Bb2 Bg7 4. g3 O-O 5. Bg2 d5 6. c4 c6 7. O-O e6 8. d3 b6 9. Nbd2 Bb7 10.
e3 Nbd7 11. Qc2 Rc8 12. Rad1 Qc7 13. Qb1 Qb8 14. Qa1 Qa8 15. e4 Ne8 16. exd5 cxd5 17. Ne5 Nxe5 18. Bxe5 dxc4 19. Bxb7 Qxb7 20.
dxc4 Qe7 21. Bxg7 Nxg7 22. Ne4 f6 23. Rd3 e5 24. Nc3 Ne6 25. Nd5 Qg7 26. Re1 Rcd8 27. h4 Nc7 28. Red1 Nxd5 29.
Rxd5 Qc7 30. Qc3 Rxd5 31. Rxd5 Rd8 32. Qd3 Rxd5 33.
Qxd5+ Kg7 34. Kf1 Qc8 35. Ke1 a5 36. Ke2 Qg4+ 37. Ke3 Qc8 38. Qd6 Qb7 39. f3 Kf7 40. g4 h5 41. gxh5 gxh5 42. Qd3 Kg7 43. Ke2 Qe7 44.
Qd2 Qc5 45. Qd7+ Kg6 46. Qe8+ Kh6 47. Qh8+ Kg6 48. Qg8+ Kh6 49. Qf7 Qd6 50. a3 e4 51. fxe4 Qh2+ 52. Kd3 Qxh4 53. b4 Qg3+ 54. Kc2 Qe5 55. Qf8+ Kg5 56. Kb3 axb4 57.
axb4 Qxe4 58. Qg7+ Kf5 1/2-1/2

[Event "FIDE U16 Olympiad_boards_1-80"]
[Site "Eindhoven, Netherlands"]
[Date "2023.08.13"]
[Round "1.6"]
[White "Grooten, Tommy"]
[Black "Xiao, Tong(Qd)"]
[Result "0-1"]
[TimeControl "2700+10"]
[WhiteElo "1908"]
[BlackElo "2128"]

1. d4 Nf6 2. c4 e6 3. Nc3 Bb4 4. Qc2 d5 5. e3 c5 6. Nf3 Nc6 7. Be2 O-O 8. O-O cxd4 9. exd4 dxc4 10.
Rd1 Bxc3 11. Qxc3 b5 12. a4 Nd5 13. Qc2 Ncb4 14. Qe4 f5 15. Qe5 Nc6 16. Qg3 f4 17. Qg5 Ba6 18. axb5 Bxb5 19.
Qg4 Qf6 20. Ng5 Nxd4 21. Rxd4 Qxd4 22. Qxe6+ Kh8 23. Nf7+ Rxf7 24. Qxf7 a6 25. h3 Nf6 26. Bg4 Re8 27. Be6 Qe4 28.
Bxf4 Qxf4 29. Rd1 Qe4 30. Bd5 Nxd5 31. Rxd5 Qe6 32. Qh5 Qe1+ 33. Kh2 Qxf2 34. Rf5 Qe3 35. Rf3 Qe6 36. Rf2 h6 37.
Qf3 Bc6 38. Qa3 Qe5+ 39. g3 Qe1 40. Rf8+ Kh7 41. Rxe8 Qh1# 0-1

[Event "FIDE U16 Olympiad_boards_1-80"]
[Site "Eindhoven, Netherlands"]
[Date "2023.08.13"]
[Round "1.7"]
[White "Kong, Xiangrui"]
[Black "Feng, Elysia"]
[Result "1-0"]
[TimeControl "2700+10"]
[WhiteElo "2381"]
[BlackElo "1635"]

1. d4 d5 2. c4 e6 3. Nc3 c5 4.
e3 Nf6 5. Nf3 Nc6 6. cxd5 exd5 7. Bb5 Be7 8. O-O O-O 9. b3 Bg4 10. dxc5 Bxc5 11. Bb2 Qd6 12. Rc1 a6 13. Bxc6 bxc6 14.
Ne2 Ne4 15. Ne5 Be6 16. Nf4 Rac8 17. Qe2 a5 18. Rfd1 f6 19. Ned3 Ba7 20. Bd4 c5 21. Nxe6 Qxe6 22. Nf4 Qd6 23.
Bb2 d4 24. Qc2 Qe5 25. Qc4+ Kh8 26. Bxd4 Qe7 27. Bb2 Rfe8 28. Nd5 Qf7 29. Nb6 Qxc4 30. Nxc4 Re6 31. Rd7 Bb6 32. Rcd1 Bc7 33. Rxc7 1-0

[Event "FIDE U16 Olympiad_boards_1-80"]
[Site "Eindhoven, Netherlands"]
[Date "2023.08.13"]
[Round "1.8"]
[White "Leenen, Boyd"]
[Black "Lu, Miaoyi"]
[Result "0-1"]
[TimeControl "2700+10"]
[WhiteElo "2008"]
[BlackElo "2170"]

1. d4 Nf6 2. Nf3 e6 3. c4 d5 4.
Nc3 dxc4 5. e3 a6 6. Bxc4 b5 7. Bd3 Bb7 8. a3 c5 9. dxc5 Bxc5 10. O-O O-O 11. Be2 Nbd7 12. b4 Be7 13. Bb2 Qb8 14. Rc1 Rd8 15. Qb3 Ng4 16. h3 Nge5 17.
Nxe5 Qxe5 18. g3 Qf5 19. Kh2 Ne5 20. f4 Rd2 21. fxe5 Qd3 22. Rce1 Qxe3 23. Bc1 Bh4 24. Ne4 Rxe2+ 25. Rxe2 Qxe2+ 26. Rf2 Qxe4 27.
gxh4 Qh1+ 28. Kg3 Qg1+ 0-1

[Event "FIDE U16 Olympiad_boards_1-80"]
[Site "Eindhoven, Netherlands"]
[Date "2023.08.13"]
[Round "1.9"]
[White "Kiladze, Luka"]
[Black "Gurel, Ediz"]
[Result "1/2-1/2"]
[TimeControl "2700+10"]
[WhiteElo "1912"]
[BlackElo "2302"]

1. d4 d5 2. c4 c6 3. cxd5 cxd5 4. Nc3 Nf6 5. Nf3 Nc6 6. Bg5 Ne4 7. Bf4 Bf5 8. Qb3 e6 9. Qxb7 Qc8 10.
Qxc8+ Rxc8 11. e3 Nb4 12. Bb5+ Kd8 13.
O-O f6 14. Rfc1 g5 15. Nxe4 dxe4 16. Nxg5 Rxc1+ 17. Rxc1 fxg5 18. Bc7+ Ke7 19. Be5 Rg8 20. Rc7+ Kd8 21. Rd7+ Kc8 22. Rc7+ Kd8 23. Rxa7 Nd3 24. Bc7+ Ke7 25. Be5+ Kd8 26.
Ra8+ Ke7 27. Ra7+ 1/2-1/2

[Event "FIDE U16 Olympiad_boards_1-80"]
[Site "Eindhoven, Netherlands"]
[Date "2023.08.13"]
[Round "1.10"]
[White "Erdogmus, Yagiz Kaan"]
[Black "Shamatava, Nikolozi"]
[Result "1-0"]
[TimeControl "2700+10"]
[WhiteElo "2353"]
[BlackElo "1872"]

1. e4 e5 2. Nf3 Nc6 3. Bb5 a6 4. Ba4 d6 5. O-O Bd7 6. c3 g6 7. d4 Bg7 8. Be3 h6 9. Nbd2 exd4 10.
cxd4 Nf6 11. h3 O-O 12. Re1 Nh5 13. Rc1 Rc8 14. a3 b5 15. Bb3 Na5 16. Ba2 Kh7 17. e5 dxe5 18. dxe5 Be6 19.
Bxe6 fxe6 20. b4 Nb7 21. Rc6 Qd5 22. Qc2 Nf4 23. Bxf4 Rxf4 24. Re3 Nd8 25. Rc5 Qd7 26. g3 Rf8 27.
Nh4 Qe8 28. f4 Qf7 29. Rec3 c6 30. Ne4 Nb7 31. Rxc6 Rxc6 32. Rxc6 Rd8 33. Rc7 Rd7 34. Rxd7 Qxd7 35. Nf6+ Bxf6 36. Qxg6+ Kh8 37. exf6 Nd8 38. Qxh6+ Kg8 39. Qg5+ Kf8 40.
Kh2 Qd2+ 41. Ng2 Qd7 42. h4 Nc6 43. h5 Nd4 44.
Nh4 Qc7 45. Ng6+ Ke8 46. Ne5 Qc2+ 47. Kh3 Qf5+ 48. Qxf5 exf5 49. h6 1-0

[Event "FIDE U16 Olympiad_boards_1-80"]
[Site "Eindhoven, Netherlands"]
[Date "2023.08.13"]
[Round "1.11"]
[White "Kirtadze, Anastasia"]
[Black "Kilic, Eray"]
[Result "1-0"]
[TimeControl "2700+10"]
[WhiteElo "1884"]
[BlackElo "2433"]

1. e4 c5 2. Nf3 d6 3. d4 cxd4 4.
Nxd4 Nf6 5. Nc3 a6 6. h3 e5 7. Nde2 h5 8. g3 Be6 9. Bg2 b5 10. Be3 Nbd7 11. O-O Nb6 12. b3 b4 13. Nd5 Nbxd5 14. exd5 Bf5 15. c4 Qd7 16. Kh2 Be7 17.
c5 Rb8 18. c6 Qc8 19. a3 Be4 20. Bxe4 Nxe4 21.
f3 Ng5 22. Bxg5 Bxg5 23. axb4 h4 24. g4 Rxb4 25. Ra4 Rxa4 26. bxa4 O-O 27. Qd3 f5 28. gxf5 Rxf5 29. Rg1 e4 30.
fxe4 Re5 31. Qf3 Qe8 32. Nd4 Kh7 33. Ne6 Bf6 34. c7 Qc8 35. Rc1 Kg8 36. Qb3 Rxe6 37. dxe6 Be5+ 38. Kh1 Kh7 39. e7 Bg3 40. Kg2 d5 41.
Qxd5 1-0

[Event "FIDE U16 Olympiad_boards_1-80"]
[Site "Eindhoven, Netherlands"]
[Date "2023.08.13"]
[Round "1.12"]
[White "Akat, Elifnaz"]
[Black "Mgeladze, Kesaria"]
[Result "1/2-1/2"]
[TimeControl "2700+10"]
[WhiteElo "1726"]
[BlackElo "1660"]

1. e4 c5 2. b3 Nc6 3. Bb2 e5 4. Bb5 Nd4 5. Bf1 Nf6 6. d3 d5 7. Nd2 Bd6 8. c3 Nc6 9. g3 O-O 10.
Bg2 Be6 11. Ne2 Qd7 12. h3 Rad8 13. Nf1 Bc7 14. Ba3 dxe4 15. dxe4 Qxd1+ 16. Rxd1 Rxd1+ 17. Kxd1 Rd8+ 18. Kc2 c4 19. Nd2 cxb3+ 20. axb3 b5 21.
Nc1 a5 22. Bc5 Nd7 23. Be3 Bb6 24. Bxb6 Nxb6 25. Nd3 b4 26. f4 bxc3 27. Kxc3 exf4 28. gxf4 Nd4 29. Bf1 a4 30. bxa4 Nxa4+ 31. Kb4 Bd7 32. Ne5 Nc6+ 33.
Nxc6 Bxc6 34. Rh2 Nb2 35. Kc5 Ba8 36.
Ba6 Na4+ 37. Kc4 Nb6+ 38. Kc5 Nd7+ 39. Kb4 Nf6 40. Re2 Bxe4 41. Nxe4 Rd4+ 42. Kc3 Rxe4 43. Rxe4 Nxe4+ 44. Kd4 Nf6 45. Bf1 Nh5 46. Ke3 g6 47.
Be2 Ng3 48. Bc4 Kg7 49. Kf3 Nf5 50. Bf1 Nd6 51. Bd3 Kf6 52. Bc2 Nf5 53. Bd1 h5 54. Ba4 Nh4+ 55. Kg3 Nf5+ 56. Kf3 Nd4+ 57. Ke4 Ne6 58. Bd1 h4 59. Kf3 Nd4+ 60. Ke4 Nf5 61. Kf3 g5 62. Ba4 gxf4 63. Kxf4 Nh6 64.
Bc2 Ng8 65. Ke4 Ke5+ 1/2-1/2

[Event "FIDE U16 Olympiad_boards_1-80"]
[Site "Eindhoven, Netherlands"]
[Date "2023.08.13"]
[Round "1.13"]
[White "Han, Yichen"]
[Black "Bogdanov, Artyom"]
[Result "1-0"]
[TimeControl "2700+10"]
[WhiteElo "2398"]
[BlackElo "1852"]

1. d4 Nf6 2. Nf3 e6 3. Bf4 c5 4.
e3 Nc6 5. Nbd2 Be7 6. h3 b6 7. Nc4 d5 8. Nce5 Nxe5 9. Nxe5 O-O 10. Nc6 Qe8 11. Nxe7+ Qxe7 12. c3 h6 13. Bd3 a5 14.
Qe2 Bb7 15. h4 Nd7 16. Qg4 Nf6 17. Qf3 Ne4 18. Bxe4 dxe4 19. Qg3 Qf6 20. h5 Kh7 21. Rh4 Qf5 22. O-O-O cxd4 23. exd4 Bd5 24.
Rg4 Rg8 25. Be3 Qxh5 26. Rh4 Qg6 27. Qh3 Qf5 28. Rxh6+ 1-0

[Event "FIDE U16 Olympiad_boards_1-80"]
[Site "Eindhoven, Netherlands"]
[Date "2023.08.13"]
[Round "1.14"]
[White "Smirnov, Mark"]
[Black "De Winter, Arthur"]
[Result "0-1"]
[TimeControl "2700+10"]
[WhiteElo "1936"]
[BlackElo "2360"]

1. e4 c5 2. Nf3 d6 3. d4 cxd4 4. Nxd4 Nf6 5. Nc3 a6 6. Bg5 Nbd7 7. Bc4 Qb6 8. Bb3 e6 9. Qd2 Be7 10. O-O-O Nc5 11. Rhe1 h6 12. Bh4 O-O 13. Qe3 Qc7 14.
f4 b5 15. e5 dxe5 16. fxe5 Ng4 17. Qg3 Bxh4 18. Qxh4 Nxe5 19. Qg3 f6 20. Ne4 Nxb3+ 21. axb3 Kh8 22. Nf3 Bb7 23. Nxe5 fxe5 24. Nd6 Bd5 25.
Qxe5 Bxb3 26. Rd2 Bd5 27. Nf5 Qxe5 28. Rxe5 Bxg2 29. Ne3 Bh3 30. b4 Rf4 31. c3 Bf5 32. Rd4 Rf2 33. Rd2 Rxd2 34.
Kxd2 Rd8+ 35. Ke2 Bd3+ 36. Kf2 Rd6 37. h4 Kg8 38. Ng2 Kf7 39. Nf4 Bf5 40. Ke3 Kf6 41. Rc5 g5 42. hxg5+ hxg5 43.
Ne2 e5 44. Ng3 Rd3+ 45. Kf2 g4 46. Nh5+ Kg5 47. Ng3 Rf3+ 48.
Kg2 Kh4 49. Ne2 Bd3 50. Ng1 Bf1+ 51.
Kh1 Rf2 0-1

[Event "FIDE U16 Olympiad_boards_1-80"]
[Site "Eindhoven, Netherlands"]
[Date "2023.08.13"]
[Round "1.15"]
[White "Kumar, Prajit Sai"]
[Black "Kuandykuly, Danis"]
[Result "1-0"]
[TimeControl "2700+10"]
[WhiteElo "2160"]
[BlackElo "1738"]

1. d4 Nf6 2. Nf3 e6 3. Bf4 c5 4.
c3 Qb6 5. Qb3 Nc6 6. e3 d5 7. Nbd2 Qd8 8. Bb5 Bd6 9. Bxc6+ bxc6 10. Bxd6 Qxd6 11. Qa3 Nd7 12. Nb3 O-O 13.
Nxc5 a5 14. O-O f6 15. Nxd7 Qxa3 16. Nxf6+ gxf6 17. bxa3 Ba6 18. Rfb1 Rfb8 19. Ne1 Kf7 20. f3 c5 21. Kf2 cxd4 22. cxd4 Ke7 23. e4 Kd6 24. Ke3 h5 25.
Nd3 Bxd3 26. Kxd3 e5 27. a4 Rb4 28. dxe5+ Kxe5 29. exd5 Kxd5 30. Rxb4 axb4 31. Kc2 Kc4 32. Re1 Rxa4 33. Kb2 Ra8 34. Re4+ Kc5 35. Kb3 Ra3+ 36. Kb2 Ra8 37. Rh4 Re8 38. Rxh5+ Kc4 39. Rh4+ Kb5 40. Re4 Rd8 41.
Kc2 Ka4 42. Re6 Rh8 43. Rxf6 Rxh2 44. Ra6+ Kb5 45. Rg6 Ka4 46.
Kb2 Rh8 47. Ra6+ Kb5 48. Re6 Ka4 49.
Re4 Rf8 50. a3 Kb5 51. Rxb4+ Kc5 52. Rg4 Re8 53. Re4 Rf8 54. Kc3 Ra8 55. a4 Rd8 56. Rc4+ Kb6 57. g4 Rg8 58. Kb4 Rg5 59. Rf4 Rg6 60.
Rf5 Ka6 61. g5 Rb6+ 62. Rb5 Rd6 63. Rf5 Rd4+ 64. Kb3 Rd6 65. Rf6 Ka5 66. f4 Rd1 67.
Rf5+ Ka6 68. g6 Rd7 69. Rf6+ Ka5 70. Rf7 Rd6 71. g7 Rb6+ 72. Ka2 Rg6 73. Rf5+ Kxa4 74. Rg5 1-0

[Event "FIDE U16 Olympiad_boards_1-80"]
[Site "Eindhoven, Netherlands"]
[Date "2023.08.13"]
[Round "1.16"]
[White "Kholyavko, Mariya"]
[Black "Verheij, Dana"]
[Result "1-0"]
[TimeControl "2700+10"]
[WhiteElo "1757"]
[BlackElo "1829"]

1. e4 c5 2. Nf3 d6 3. d4 cxd4 4. Nxd4 Nf6 5. Nc3 a6 6. Bg5 e6 7. f4 Be7 8. Qf3 Qc7 9. O-O-O Nbd7 10.
g4 h6 11. Bxf6 Bxf6 12. h4 b5 13. g5 Bxd4 14. Rxd4 Qc5 15. Rd2 Bb7 16. Bh3 Rc8 17. g6 Nf6 18. Re1 b4 19. Na4 Qc6 20.
Qb3 Nxe4 21. gxf7+ Kf8 22. Qxe6 d5 23. Qxc6 Rxc6 24. Rxe4 dxe4 25. Rd8+ Kxf7 26. Rxh8 Rd6 27. Nc5 Bc6 28.
Bg4 e3 29. Nd3 Bb5 30. Be2 Be8 31. Ne5+ Ke7 32. Nc4 Re6 33. f5 Rc6 34. Nxe3 Rc5 35. Kd2 a5 36. c4 Bd7 37. Nd5+ Kd6 38.
Rd8 Rc6 39. Kd3 a4 40. Kd4 b3 41. axb3 Rc8 42. Rxd7+ Kc6 43. Ne7+ Kxd7 44. Nxc8 Kxc8 45. bxa4 1-0

[Event "FIDE U16 Olympiad_boards_1-80"]
[Site "Eindhoven, Netherlands"]
[Date "2023.08.13"]
[Round "1.17"]
[White "Assylov, Miras"]
[Black "Gaal, Zsoka"]
[Result "1-0"]
[TimeControl "2700+10"]
[WhiteElo "2047"]
[BlackElo "2254"]

1. e4 c6 2. d4 d5 3. e5 Bf5 4. Nf3 e6 5. Be2 Ne7 6. c3 h6 7. O-O c5 8. dxc5 Nec6 9. b4 Nd7 10.
Bb5 Bg4 11. Re1 g5 12. Nbd2 Bg7 13. Qa4 Qc7 14. Nd4 Ncxe5 15. Nf1 O-O 16. Ng3 Nf6 17. Bf1 a6 18. Be3 Nh5 19. Rac1 Nxg3 20.
hxg3 Nc4 21. Qc2 Bh5 22. Bd3 Ne5 23. Bf1 Bg6 24. Qd1 Rae8 25. f3 Nc4 26. Bf2 Rd8 27. g4 h5 28. gxh5 Bxh5 29.
Bxc4 dxc4 30. Qe2 Bg6 31. Qxc4 e5 32. Nb3 Rd3 33. Qg4 Qd8 34. Be3 Bf6 35. Na5 e4 36. fxe4 Bxc3 37. Re2 Rxe3 38.
Rxe3 Qd4 39. Rcxc3 Kg7 40. Qe2 Qxb4 41. Nb3 Qa4 42. Rc4 Qb5 43. a4 Qd7 44. Rd4 Qe6 45. Rd5 Qf6 46. Qd2 Qf4 47. Re1 Qh4 48. Nd4 Rh8 49. Nf3 Qg3 50. Rxg5 Qc7 51. Qd4+ f6 52. Rd5 Qg3 53.
Rd7+ Bf7 54. Qd5 Rf8 55. e5 Kg8 56. e6 1-0

[Event "FIDE U16 Olympiad_boards_1-80"]
[Site "Eindhoven, Netherlands"]
[Date "2023.08.13"]
[Round "1.18"]
[White "Palczert, Matyas"]
[Black "Mukhametkali, Merey"]
[Result "1-0"]
[TimeControl "2700+10"]
[WhiteElo "2163"]
[BlackElo "1792"]

1. e4 e6 2. d4 d5 3. Nc3 Bb4 4. Nge2 dxe4 5. a3 Bxc3+ 6. Nxc3 Nc6 7. Bf4 Nf6 8. Bb5 O-O 9. Bxc6 bxc6 10.
Bg5 h6 11. Bxf6 Qxf6 12. Nxe4 Qf4 13. Qf3 Qxf3 14. gxf3 Rd8 15. O-O-O Ba6 16. Rhe1 Rab8 17. Nc5 Bc8 18. c4 a5 19.
Kc2 Rb6 20. Kc3 Bd7 21. b4 axb4+ 22. axb4 Be8 23. Ra1 Rbb8 24. Ra7 Rbc8 25. Rea1 Kf8 26. R1a6 Ke7 27. Nb7 Rd7 28. Ra8 Rxa8 29.
Rxa8 f6 30. Nc5 Rd6 31. Rc8 e5 32. dxe5 fxe5 33. Rxc7+ Kf8 34. Ne4 Rd1 35. c5 Rc1+ 36. Kd2 Rb1 37. Nd6 Bh5 38. Kc3 Rc1+ 39.
Kb2 Rf1 40. Rxc6 Rxf2+ 41. Kc1 Bxf3 42. Rc8+ Ke7 43. Re8+ Kd7 44.
Rxe5 Rxh2 45. Re3 Bd5 46. b5 g5 47. Rd3 Ke6 48. b6 Rh1+ 49. Kb2 Rh2+ 50. Kc3 Rh1 51. Nb5 Rc1+ 52. Kd4 Rc4+ 53.
Ke3 Rxc5 54. Nc7+ Rxc7 55. bxc7 Bb7 56. Rd8 Kf5 57. Rb8 Ba6 58. Rh8 Ke6 59. Ke4 1-0

[Event "FIDE U16 Olympiad_boards_1-80"]
[Site "Eindhoven, Netherlands"]
[Date "2023.08.13"]
[Round "1.19"]
[White "Tleukhanov, Yerlan"]
[Black "Kolimar, Kristof Pal"]
[Result "0-1"]
[TimeControl "2700+10"]
[WhiteElo "1901"]
[BlackElo "2182"]

1. e4 c5 2. Nf3 e6 3. d4 cxd4 4. Nxd4 Nc6 5. Nc3 Qc7 6. Be3 a6 7. Qf3 d6 8. O-O-O Bd7 9. Qg3 Rc8 10.
Kb1 Nf6 11. Nb3 Ne5 12. f3 b5 13. a3 Nc4 14. Bxc4 bxc4 15. Nd4 Qb7 16. Bc1 Be7 17. Qxg7 Rg8 18. Qh6 Rg6 19. Qd2 Rb8 20.
Ka2 h5 21. Rhe1 h4 22. f4 Nh5 23. Rf1 e5 24. Nf5 Bxf5 25. exf5 Rxg2 26. Rf2 Rxf2 27. Qxf2 Nxf4 28. Rg1 Kd7 29.
Rg7 Nd5 30. Nxd5 Qxd5 31. f6 Bd8 32. Rg8 Bc7 33. Rxb8 Bxb8 34. Qxh4 c3+ 35. b3 Qd1 36. Qh3+ Kd8 37. Qxc3 Qxc1 38. Qa5+ Bc7 39. Qc3 Qf4 40. Qc6 Qxf6 41. Qxa6 Qf2 42.
Qa8+ Ke7 43. Qc6 Qc5 44. Qe4 d5 45. Qh4+ Kd7 46. Qg4+ Kc6 47. Qe2 e4 48. h4 Be5 49. Qa6+ Kd7 50.
Qb7+ Ke6 51. Qa6+ Ke7 52. Qb7+ Qc7 53. Qb4+ Ke6 54. Kb1 Qc3 55. Qb6+ Kf5 56. Qf2+ Qf3 57. Qg1 e3 58. Ka2 Qf2 59. Qg5+ Ke6 60.
Qg4+ Qf5 61. Qe2 Qf2 62. Qa6+ Kf5 63. Qd3+ Kf4 64. b4 e2 0-1

[Event "FIDE U16 Olympiad_boards_1-80"]
[Site "Eindhoven, Netherlands"]
[Date "2023.08.13"]
[Round "1.20"]
[White "Giang, Tran Nam"]
[Black "Madi, Aidana"]
[Result "1-0"]
[TimeControl "2700+10"]
[WhiteElo "2098"]
[BlackElo "1499"]

1. e4 c6 2. Nf3 d5 3. Nc3 Bg4 4. h3 Bxf3 5. Qxf3 e6 6. d3 Nd7 7. g3 Bb4 8. Bd2 d4 9. Nb1 Qb6 10.
c3 dxc3 11. Nxc3 Ngf6 12. a3 Ne5 13. Qe2 Be7 14. Be3 Qa5 15. f4 Ned7 16. Bg2 e5 17. O-O O-O 18. f5 Bc5 19. Kh2 Bxe3 20.
Qxe3 Qb6 21. Qe2 Nc5 22.
b4 Nb3 23. Rab1 Nd4 24. Qd1 a5 25. g4 axb4 26. g5 Ne8 27. axb4 Ra3 28. Na4 Qb5 29. Nc5 b6 30. Nd7 Rxd3 31.
Qg4 Nf3+ 32. Rxf3 Rxd7 33. Rf2 Rd4 34. h4 f6 35. h5 fxg5 36. Qxg5 h6 37. Qe7 Nf6 38. Bf1 Qa4 39. Qe6+ Kh8 40. Ra2 Qxa2+ 41. Qxa2 Rfd8 42. Bg2 Nxh5 43. Rb2 Nf4 44.
Bf3 Rd3 45. Rf2 R3d4 46. Qf7 R4d7 47. Qc4 Rd4 48. Qxc6 Rxb4 49. Qc7 Rd3 50. Qxe5 1-0

[Event "FIDE U16 Olympiad_boards_1-80"]
[Site "Eindhoven, Netherlands"]
[Date "2023.08.13"]
[Round "1.21"]
[White "Begmuratov, Khumoyun"]
[Black "Huang, Youhe"]
[Result "1-0"]
[TimeControl "2700+10"]
[WhiteElo "2270"]
[BlackElo "1849"]

1. e4 c5 2. Nf3 Nc6 3. d4 cxd4 4. Nxd4 Nf6 5. Nc3 e5 6. Ndb5 d6 7. Bg5 a6 8. Na3 b5 9. Nd5 Be7 10.
Bxf6 Bxf6 11. c4 b4 12. Nc2 Rb8 13. b3 O-O 14. g3 Bg5 15. Bg2 a5 16. O-O Ne7 17. Nxe7+ Qxe7 18. Qd3 Bb7 19.
Rad1 Rbd8 20. Ne3 Qc7 21. h4 Bxe3 22. Qxe3 Qc5 23. Rfe1 Rfe8 24. Rd3 Qxe3 25. Rdxe3 Kf8 26. Rd1 Ke7 27.
Red3 Bc6 28. f3 g6 29. Bh3 Rf8 30. g4 f6 31. Kf2 g5 32. hxg5 fxg5 33. Ke3 Rd7 34. Bf1 Rfd8 35. Be2 Ba8 36.
Rh1 Kf6 37. Rd2 Kg7 38. Rc1 Bc6 39. c5 d5 40. exd5 Rxd5 41. Rxd5 Rxd5 42. Bd3 Rd4 43. Be4 Bxe4 44. fxe4 Rd8 45.
c6 Kf6 46. c7 Rc8 47. Rc5 Ke6 48. Kd3 Kd6 49. Kc4 Rxc7 50. Rxc7 Kxc7 51. Kd5 h5 52. gxh5 g4 53. h6 g3 54. h7 g2 55. h8=Q g1=Q 56. Qxe5+ Kc8 57. Qe8+ Kc7 58. Qe7+ Kb8 59. Qd8+ Kb7 60.
Qd7+ Kb8 61. Qb5+ Ka8 62. Qxa5+ Kb7 63. Qxb4+ Ka8 64. Kc6 Qg6+ 65. Qd6 Qxe4+ 66. Qd5 Qe7 67. Kb6+ Kb8 68. Qg8+ 1-0

[Event "FIDE U16 Olympiad_boards_1-80"]
[Site "Eindhoven, Netherlands"]
[Date "2023.08.13"]
[Round "1.22"]
[White "Liu, Henry"]
[Black "Bakhrillaev, Bakhrom"]
[Result "0-1"]
[TimeControl "2700+10"]
[WhiteElo "1816"]
[BlackElo "2144"]

1. d4 Nf6 2. Bf4 d5 3. e3 e6 4. Nd2 c5 5. c3 Nc6 6. Ngf3 Bd6 7. Bg3 O-O 8. Bd3 b6 9. Qe2 h6 10.
O-O Bb7 11. Ne5 Qc7 12. f4 Ne7 13. Rad1 Ne4 14. Nxe4 dxe4 15. Bc4 Rad8 16. Bh4 Bd5 17. Bxe7 Bxe7 18. f5 cxd4 19. cxd4 Bxc4 20.
Nxc4 exf5 21. Rxf5 g6 22. Rff1 Rc8 23. b3 Kg7 24. d5 Rcd8 25. Qb2+ Kg8 26. Qd4 Bc5 27. Qxe4 b5 28. d6 Bxd6 29.
Nxd6 Rxd6 30. Rc1 Qb6 31.
Rc3 Re6 32. Qd4 Qa5 33. Rc2 h5 34.
Rcf2 Qc7 35. Qd3 a6 36. g3 Qe7 37. Rf3 Rd8 38. Qc3 f5 39. Rc1 Qb7 40. Rf2 Rde8 41. Qc7 Qxc7 42. Rxc7 Rxe3 43. Rc6 R8e6 44. Rfc2 Kf7 45. Kf2 Re2+ 46. Kf3 Rxc6 47. Rxc6 Rxa2 48. h4 Ra3 49. Kf4 Rxb3 50.
Rxa6 Rb4+ 51. Ke5 Re4+ 52. Kd5 Re3 53. Rb6 Rxg3 54. Rxb5 Rg4 55. Rb7+ Kf6 56. Rb6+ Kg7 57. Rb7+ Kh6 58. Ke6 Rxh4 59. Kf6 Ra4 60. Rb6 h4 61. Rc6 h3 62. Rc3 Rh4 63. Rc8 Kh5 64. Rh8+ Kg4 65. Rg8 h2 0-1

[Event "FIDE U16 Olympiad_boards_1-80"]
[Site "Eindhoven, Netherlands"]
[Date "2023.08.13"]
[Round "1.23"]
[White "Omonov, Asrorjon"]
[Black "Ajith, Aayush"]
[Result "1-0"]
[TimeControl "2700+10"]
[WhiteElo "2051"]
[BlackElo "1756"]

1. d4 Nf6 2. c4 e6 3. Nc3 d5 4. cxd5 exd5 5. Bg5 Nbd7 6. e3 h6 7. Bh4 Be7 8. Bd3 O-O 9. Qc2 Re8 10.
Nge2 c6 11. O-O Ne4 12. Bxe7 Qxe7 13. Rae1 Nef6 14. Ng3 c5 15. Nf5 Qf8 16. dxc5 Nxc5 17. Be2 Nce4 18. Nd4 Be6 19. Rc1 Rac8 20.
Qd3 Nxc3 21. Rxc3 Rxc3 22. Qxc3 Rc8 23. Qb3 Qe7 24. Rd1 a6 25. h3 Ne4 26. Bf3 b5 27. Nxe6 Qxe6 28. Bg4 f5 29.
Rxd5 Rc1+ 30. Kh2 fxg4 31. Rd8+ Kf7 32. Rf8+ Kxf8 33. Qxe6 Nf6 34. hxg4 Rc4 35. f3 a5 36. Qd6+ Kf7 37.
Qb6 Rb4 38. b3 a4 39. bxa4 Rxa4 40. Qxb5 Ra7 41. a4 Re7 42. e4 Nd7 43. a5 Nf8 44. a6 Ne6 45. Qb6 Nc7 46. a7 Na8 47.
Qb8 Re8 48. Qb7+ Kf8 49. e5 Kg8 50.
e6 Kf8 51. Qf7# 1-0